Map: Galactic Process LE

Players

UnDieAble - Winner!

  • Race: Zerg Zerg
  • League: Master

Tanagra

  • Race: Zerg Zerg
  • League: Diamond

VOD

Have the link to the VOD?

Description

Time

  • Played on: Nov. 18, 2016, 7:50 a.m.
  • Length: 10:47
Show
View Real Time Build Order
Export as new Build Order

UnDieAble Zerg - Winner!

Build Orders: Pool First 

Get SALT Encoding   

  12  0:01  Drone  
  13  0:22  Spawning Pool  
  13  0:26  Drone  
  13  0:29  Extractor  
  13  0:33  Drone  
  13  0:37  Drone  
  14  0:46  Overlord  
  14  1:08  Queen  
  14  1:09  Zergling x4  
  18  1:14  Zergling x2  
  19  1:20  Zergling x2  
  20  1:28  Metabolic Boost  
  20  1:32  Zergling x2  
  21  1:41  Zergling x2  
  22  1:49  Baneling Nest  
  22  1:52  Zergling x2  
  22  2:03  Overlord  
  22  2:34  Drone x4  
  26  2:46  Baneling x2  
  24  3:07  Drone x2  
  24  3:08  Drone x2  
  27  3:21  Hatchery  
  25  3:30  Lair  
  25  3:32  Extractor  
  24  3:35  Zergling x4  
  26  3:58  Drone x2  
  26  3:59  Overlord, Drone  
  29  4:27  Zergling x8  
  29  4:29  Baneling x2  
  33  4:33  Queen  
  33  4:36  Spire  
  33  4:38  Drone x2  
  36  4:48  Drone x3  
  36  4:49  Drone  
  40  5:05  Overlord  
  40  5:09  Queen  
  38  5:20  Zergling x6  
  38  5:21  Zergling x6  
  43  5:28  Extractor  
  41  6:08  Drone x6  
  41  6:09  Drone x4  
  51  6:13  Extractor  
  51  6:16  Zerg Flyer Weapons Level 1  
  50  6:21  Drone  
  51  6:26  Overlord  
  51  6:43  Queen  
  46  6:50  Drone x5  
  46  6:51  Zergling x10  
  46  6:52  Zergling x2  
  57  7:01  Overlord  
  57  7:13  Mutalisk  
  59  7:17  Drone  
  59  7:19  Overlord, Queen  
  59  7:20  Mutalisk  
  64  7:24  Hatchery, Mutalisk  
  65  7:34  Mutalisk  
  65  7:36  Overlord x2  
  67  7:43  Mutalisk x2  
  71  7:51  Overlord x2  
  71  8:04  Mutalisk x3  
  77  8:12  Mutalisk x3  
  83  8:35  Evolution Chamber  
  83  8:36  Queen  
  83  8:38  Drone  
  83  8:39  Drone  
  86  8:50  Extractor  
  86  8:55  Extractor  
  84  8:57  Evolution Chamber, Drone x5  
  84  8:58  Drone x2  
  90  9:31  Overlord x5  
  90  9:32  Overlord  
  90  9:58  Overlord x2  
  90  10:04  Roach Warren, Overlord  
  90  10:05  Overlord  
  89  10:09  Drone x6  
  89  10:10  Drone x3  
Show
View Real Time Build Order
Export as new Build Order

Tanagra Zerg 

Build Orders: Hatch First 

Get SALT Encoding   

  12  0:01  Drone  
  13  0:13  Overlord  
  13  0:17  Drone  
  14  0:31  Drone x2  
  14  0:35  Drone  
  17  0:54  Hatchery  
  16  0:57  Drone  
  16  0:59  Drone  
  16  1:03  Extractor  
  17  1:17  Spawning Pool  
  16  1:20  Drone  
  16  1:23  Drone  
  18  1:29  Drone  
  19  1:40  Overlord  
  19  2:04  Queen  
  19  2:05  Metabolic Boost, Spine Crawler  
  19  2:06  Zergling x2  
  19  2:08  Zergling x2  
  22  2:12  Zergling x2  
  23  2:17  Zergling x2  
  24  2:24  Zergling x4  
  26  2:52  Zergling x2  
  26  2:57  Hatchery  
  20  3:13  Drone  
  20  3:14  Drone x2  
  20  3:17  Baneling Nest  
  22  3:27  Zergling x2  
  22  3:32  Spine Crawler  
  22  3:37  Drone  
  19  3:48  Queen  
  21  3:57  Drone x3  
  21  3:58  Baneling Nest  
  23  4:04  Overlord  
  23  4:15  Roach Warren  
  23  4:16  Drone  
  23  4:31  Zergling x2  
  24  4:50  Baneling x2  
  24  4:51  Baneling  
  24  4:54  Drone x2  
  24  4:55  Hatchery  
  24  4:56  Extractor  
  24  4:58  Drone x3  
  27  5:10  Drone x2  
  28  5:22  Zergling x2  
  29  5:29  Zergling x4  
  29  5:30  Zergling x2  
  32  5:46  Hatchery  
  30  6:01  Roach x4  
  30  6:02  Overlord x2  
  38  6:11  Baneling x4  
  37  6:13  Overlord  
  37  6:17  Lair  
  37  6:34  Hatchery  
  37  6:37  Drone  
  37  6:39  Roach  
  38  6:48  Hatchery  
  38  6:49  Hatchery  
  36  7:07  Drone  
  36  7:08  Drone x5  
  42  7:16  Glial Reconstitution  
  42  7:21  Drone  
  42  7:22  Evolution Chamber  
  42  7:24  Evolution Chamber  
  42  7:28  Ravager x3  
  42  7:29  Ravager  
  45  7:36  Overlord  
  45  7:55  Drone x4  
  49  8:09  Roach x3  
  55  8:22  Hydralisk Den  
  55  8:23  Spore Crawler  
  55  8:25  Spore Crawler  
  49  8:29  Spore Crawler  
  45  8:36  Drone  
  45  8:37  Drone  
  37  8:49  Extractor  
  37  8:50  Extractor  
  31  9:00  Queen  
  33  9:07  Queen  
  35  9:15  Spore Crawler  
  34  9:18  Hydralisk  
  34  9:22  Hydralisk  
  38  9:30  Muscular Augments  
  38  9:37  Drone  
  39  9:39  Drone  
  39  9:45  Spore Crawler  
  39  9:59  Hydralisk  
  32  10:01  Hydralisk  
  34  10:07  Hydralisk  
  34  10:08  Hydralisk  
  34  10:11  Hydralisk  
Tags
 
Add a new tag
Caveats
  • Supply blocks, unpowered buildings, or Contaminate may cause inaccurate times.
  • Supply counts are checked every 10 seconds.